 Dungeon Crawl Stone Soup version 0.29.1-15-g9cfb28693d (webtiles) character file.

Game seed: 7269742893980888789

209150 LustLizard the Brawler (level 18, -9/277 HPs)
             Began as a Troll Fighter on Mar 25, 2023.
             Was the Champion of Wu Jian.
             Killed from afar by a will-o-the-wisp (35 damage)
             ... with a foxfire
             ... on level 4 of the Swamp on Mar 26, 2023.
             The game lasted 01:36:38 (35336 turns).

LustLizard the Brawler (Troll Fighter)             Turns: 35336, Time: 01:36:39

Health: -9/277     AC: 33    Str: 29    XL:     18   Next: 14%
Magic:  17/21      EV:  1    Int: 10    God:    Wu Jian [******]
Gold:   820        SH: 15    Dex:  9    Spells: 17/23 levels left

rFire   . . .      SeeInvis .     - Unarmed
rCold   + + .      Faith    .   i - +4 kite shield of Daisies {rCorr}
rNeg    . . .      Spirit   .   (body armour currently unavailable)
rPois   +          Reflect  .   (helmet currently unavailable)
rElec   +          Harm     .   (cloak currently unavailable)
rCorr   +          Rampage  .   (gloves unavailable)
Will    +....      NoTele   +   (boots unavailable)
Stlth   +.........              X - amulet of Abstinence {Acrobat rElec rC++}
HPRegen 1.36/turn               y - ring "Jiroz" {Wiz Stlth+}
MPRegen 0.17/turn               u - ring of Boref {AC+4 Slay+2 Stlth+}

@: tree-form, in a heavenly storm, glowing, studying 3 skills, invisible (but
backlit and visible)
A: stationary, stasis, torment immunity, boosted hp, large, unfitting armour,
(claws 3), regeneration 1, (shaggy fur 1), (tough skin 1)
}: 1/15 runes: serpentine
a: Renounce Religion, Wall Jump, Serpent's Lash, Heavenly Storm


You were on level 4 of the Swamp.
You worshipped Wu Jian.
Wu Jian was exalted by your worship.
You were a tree.
You visited 6 branches of the dungeon, and saw 31 of its levels.
You also visited: Gauntlet, Ice Cave and Volcano.

You collected 2933 gold pieces.
You spent 2113 gold pieces at shops.

Inventory:

Hand Weapons
 P - a +8 falchion of flaming
Missiles
 j - 36 poisoned darts (quivered)
 t - 10 atropa-tipped darts
 D - 6 throwing nets
Armour
 a - the +1 hat of the Evil One (melded) {rN+ Int+8}
   (You acquired it on level 11 of the Dungeon)

   Int:       It affects your intelligence (+8).
   rN:        It protects you from negative energy.
 d - +2 swamp dragon scales
 i - the +4 kite shield of Daisies (worn) {rCorr}
   (You acquired it on level 11 of the Dungeon)

   rCorr:     It protects you from acid and corrosion.
 z - the +0 robe "Gucegule" (melded) {SInv Archmagi}
   (You found it on level 12 of the Dungeon)

   SInv:      It lets you see invisible.
   Archmagi:  It increases the power of your magical spells.
 C - a +2 cloak (melded)
 Q - a +1 troll leather armour {Snorg}
 V - +0 fire dragon scales
Jewellery
 n - a ring of see invisible
 p - a ring of protection from fire
 u - the ring of Boref (right branch) {AC+4 Slay+2 Stlth+}
   (You bought it in a shop on level 3 of the Snake Pit)

   [ring of protection]

   AC:        It affects your AC (+4).
   Slay:      It affects your accuracy & damage with ranged weapons and melee
   (+2).
   Stlth:     It makes you more stealthy.
 x - a ring of wizardry
 y - the ring "Jiroz" (left branch) {Wiz Stlth+}
   (You found it in a Gauntlet)

   [ring of wizardry]

   It improves your spell success rate.
   Stlth:     It makes you more stealthy.
 G - a ring of protection from fire
 H - a ring of resist corrosion
 J - a +4 ring of evasion
 U - a ring of positive energy
 X - the amulet of Abstinence (around neck) {Acrobat rElec rC++}
   (You found it in an ice cave)

   [amulet of the acrobat]

   It increases your evasion while moving and waiting.
   rC:        It greatly protects you from cold.
   rElec:     It insulates you from electricity.
 Z - a ring of protection from cold
Wands
 f - a wand of iceblast (23)
 w - a wand of paralysis (19)
 B - a wand of mindburst (64)
 I - a wand of flame (39)
 O - a wand of polymorph (11)
 R - a wand of digging (25)
Scrolls
 b - 9 scrolls of teleportation
 e - 6 scrolls of fog
 g - 2 scrolls of fear
 l - 2 scrolls of enchant armour
 r - 2 scrolls of summoning
 s - 4 scrolls of immolation
 K - 9 scrolls of magic mapping
 Y - 3 scrolls of poison
Potions
 c - 10 potions of might
 h - 4 potions of heal wounds
 k - 6 potions of mutation
 m - a potion of curing
 o - 2 potions of lignification
 q - 3 potions of magic
 A - 2 potions of resistance
 F - 5 potions of brilliance
 M - a potion of berserk rage
 N - 5 potions of ambrosia
 S - 5 potions of flight
 T - 4 potions of haste
Miscellaneous
 E - a phantom mirror
 W - a condenser vane


   Skills:
 - Level 13.3 Fighting
 - Level 9.9 Dodging
 - Level 13.3 Shields
 * Level 20.7 Unarmed Combat
 - Level 3.3 Spellcasting
 * Level 8.0 Transmutations
 * Level 9.7 Earth Magic


You had 17 spell levels left.
You knew the following spells:

 Your Spells              Type           Power      Damage    Failure   Level
a - Statue Form           Tmut/Erth      12%        N/A       54%         6

Your spell library contained the following spells:

 Spells                   Type           Power      Damage    Failure   Level
 Beastly Appendage        Tmut           34%        N/A       1%          1
 Sting                    Tmut/Pois      36%        1d4       3%          1
 Petrify                  Tmut/Erth      19%        N/A       4%          4
 Foxfire                  Conj/Fire      4%         2x1d4     17%         1
 Necrotise                Necr           4%         1d4       17%         1
 Summon Small Mammal      Summ           4%         N/A       17%         1
 Ignite Poison            Fire/Tmut/Pois 7%         N/A       17%         3
 Leda's Liquefaction      Hex/Erth       5%         N/A       24%         4
 Static Discharge         Conj/Air       1%         3-4/arc   26%         2
 Sublimation of Blood     Necr           1%         N/A       26%         2
 Call Canine Familiar     Summ           1%         N/A       45%         3
 Conjure Flame            Conj/Fire      1%         6-21      45%         3
 Inner Flame              Hex/Fire       1%         N/A       45%         3
 Mephitic Cloud           Conj/Pois/Air  1%         N/A       45%         3
 Ozocubu's Armour         Ice            1%         N/A       45%         3
 Portal Projectile        Hex/Tloc       2%         N/A       45%         3
 Summon Guardian Golem    Hex/Summ       1%         N/A       45%         3
 Vampiric Draining        Necr           1%         2d6       45%         3
 Alistair's Intoxication  Tmut/Pois      6%         N/A       65%         5
 Irradiate                Conj/Tmut      4%         3d13      65%         5
 Flame Wave               Conj/Fire      1%         2d4       85%         4
 Iskenderun's Mystic Bla  Conj/Tloc      1%         2d3       85%         4
 Passage of Golubria      Tloc           1%         N/A       85%         4
 Agony                    Necr           1%         N/A       99%         5
 Freezing Cloud           Conj/Ice/Air   0%         6-21      99%         5
 Lightning Bolt           Conj/Air       0%         1d11      99%         5
 Metabolic Englaciation   Hex/Ice        0%         N/A       99%         5
 Eringya's Noxious Bog    Tmut/Pois      4%         N/A       99%         6
 Simulacrum               Ice/Necr       0%         N/A       100%        6
 Maxwell's Capacitive Co  Air            0%         ∞         100%        8


Dungeon Overview and Level Annotations

Branches:
Dungeon (15/15)            Temple (1/1) D:6            Lair (5/5) D:11
  Swamp (4/4) Lair:3        Snake (4/4) Lair:3        Slime (0/5) Lair:4
    Orc (2/2) D:9             Elf (0/3) Orc:2        Vaults (0/5) D:13
 Depths (0/4) D:15          IceCv (visited)         Volcano (visited)
Gauntlet (visited)

Altars:
Ashenzari
Cheibriados
Dithmenos
Elyvilon
Fedhas
Gozag
Hepliaklqana
Kikubaaqudgha
Makhleb
Nemelex Xobeh
Okawaru
Qazlal
Ru
Sif Muna
Trog
Uskayaw
Vehumet
Wu Jian
Xom
Yredelemnul
Zin
The Shining One
Jiyva

Shops:
Orc:2 ?*??[(   Snake:3 [=:=:   Snake:4 [[

Annotations:
Temple 2 transporters
Swamp:1 1 runed translucent door, middlethird's ghost, adept MeEE


Innate Abilities, Weirdness & Mutations

You are a tree.
Your roots penetrate the ground, keeping you stationary.
You cannot be teleported.
You are immune to unholy pain and torment.
Your maximum health is greatly increased.
Your equipment is partially melded.
You are too large for most types of armour.
((You have claws for hands.))
Your natural rate of healing is unusually fast.
((You are covered in fur. (AC +1)))
((You have tough skin. (AC +1)))


Message History

The blast of flame hits you!!
* * * LOW HITPOINT WARNING * * *
The swamp dragon breathes poison at you.
The blast of poison engulfs you. You resist.
* * * LOW HITPOINT WARNING * * *
You hit the fire dragon.
The fire dragon is lightly wounded.
You are engulfed in spectral mist.
* * * LOW HITPOINT WARNING * * *
The fire dragon breathes flames at you. The blast of flame hits you!!
* * * LOW HITPOINT WARNING * * *
You cannot move.
Unknown command.
Okay, then.
You fade into invisibility!
The swamp drake breathes poison at you.
The noxious blast engulfs you but does no damage.
You resist.
The fire dragon is engulfed in spectral mist.
The fire dragon bites you but does no damage.
You block the fire dragon's attack. x2
The air is filled with shimmering golden clouds!
Sifu Yunchang says: The storm will not cease as long as you keep fighting, disciple!
The fire dragon is engulfed in spectral mist.
The fire dragon bites you but does no damage.
You block the fire dragon's attack.
The fire dragon tramples you but does no damage.
The will-o-the-wisp gestures.
The will-o-the-wisp conjures some foxfire! 2 foxfires come into view.
Okay, then.
You thrash the fire dragon!!!
The fire dragon is severely wounded.
The foxfire is engulfed in spectral mist. x2
The foxfire hits you!
* * * LOW HITPOINT WARNING * * *
The foxfire is engulfed in spectral mist.
The foxfire hits you!!
You die...

♣t~....~~~§§~.♣≈≈≈≈≈♣
.~D?.~~§.~...~~~~~♣ ♣♣≈♣♣
w..♣k~♣♣♣♣~.♣.~~~~♣♣
.~.♣D♣♣ ♣♣♣§.~~~~~♣♣♣ . .
.~..♣♣♣♣♣~..~~~○○..♣..
D.♣~~....~.~~~°~~°°....
.♣♣♣♣~~t~~~t~k°○°°○○...~w
♣.~~~~~§§~~§DD○°○.....
♣.~~~....t.§D♣○○≈≈.~♣♣
♣§~..♣~~!♣≈§○v°§°≈?.~
♣.~~~ ♣..<.≈°☼°°○°≈≈..
~♣.[ ♣♣♣~≈v§≈≈≈§≈§≈.. ..♣
♣..≈≈≈≈≈§§≈..♣ ~
♣~.≈≈≈≈≈≈≈≈.~♣
♣.~..≈≈≈≈...♣♣
♣♣.........~. ♣♣.~...


You could see 2 fire dragons, a swamp dragon, 2 fire crabs, a will-o-the-wisp
and a swamp drake (catching breath).

Vanquished Creatures
  Rupert (Lair:4)
  The ghost of Pebiupt the Thaumaturge, an adept GnSu of Ashenzari (Snake:3)
  5 nagarajas (Snake:4)
  A fenstrider witch (Swamp:3)
  Roxanne (Swamp:1)
  4 eleionomae
  The ghost of Xetihies the Severer, a journeyman HOFi of Uskayaw (Lair:3)
  The ghost of Ohopnof the Impaler, a journeyman MiBe of Trog (Lair:3)
  A minotaur (Gauntlet)
  2 fire dragons
  2 bunyips
  2 ettins
  Snorg (Lair:5)
  2 shambling mangroves (Swamp:3)
  Harold (Lair:1)
  18 hydras
  4 salamander tyrants
  2 ghost crabs
  9 anacondas (Snake:4)
  5 centaur warriors
  6 two-headed ogres
  2 boulder beetles (D:15)
  3 tengu warriors
  5 alligators
  18 naga warriors
  Urug (D:11)
  A hell hog (Volcano)
  3 orc high priests (Orc:2)
  A hell knight (D:15)
  6 shock serpents
  4 death yaks
  16 naga sharpshooters
  Sonja (D:13)
  Nergalle (Lair:1)
  2 salamander mystics
  2 goliath frogs
  3 skeletal warriors (D:15)
  A steelbarb worm (shapeshifter) (D:15)
  A fire crab (Lair:5)
  2 spriggan druids (Swamp:3)
  2 deep trolls
  5 swamp dragons
  7 bog bodies
  An obsidian statue (Gauntlet)
  4 naga ritualists
  A necromancer (D:15)
  A wizard (D:12)
  A deep elf pyromancer (D:14)
  7 orc knights
  22 salamanders
  8 mana vipers
  3 cyclopes
  30 ugly things
  A will-o-the-wisp (Swamp:3)
  3 manticores
  3 orc sorcerers (Orc:2)
  A worldbinder (Gauntlet)
  19 elephants
  31 black mambas
  15 cane toads
  A black mamba (shapeshifter) (D:13)
  An ice statue (IceCv)
  19 naga magi
  2 unseen horrors
  9 guardian serpents
  2 molten gargoyles (Lair:5)
  2 torpor snails (Lair:2)
  3 rime drakes
  13 komodo dragons
  A freezing wraith (IceCv)
  An anaconda simulacrum (IceCv)
  2 tengu conjurers
  A spectral mana viper (Snake:3)
  8 trolls
  4 hornets
  9 tyrant leeches
  A polar bear (Lair:5)
  8 blink frogs
  6 slime creatures
  4 dream sheep
  A jumping spider (shapeshifter) (D:14)
  2 spectral black mambas (Snake:3)
  A salamander simulacrum (Snake:3)
  A centaur simulacrum (D:15)
  A water elemental (D:12)
  3 shadows
  A dire elephant simulacrum (IceCv)
  A wraith (D:13)
  3 fire bats (Volcano)
  A vampire (D:11)
  4 spriggans
  7 wyverns
  7 basilisks
  60 yaks
  6 steam dragons
  4 vampire mosquitoes (D:12)
  A death yak simulacrum (IceCv)
  Grum (D:8)
  4 wargs
  38 nagas
  11 swamp worms
  An acid dragon (D:13)
  A hydra simulacrum (IceCv)
  11 water moccasins
  3 hell hounds (Lair:5)
  26 orc warriors
  A swamp drake (Swamp:4)
  10 ice beasts
  11 boggarts
  3 black bears (D:11)
  12 wolves
  3 black mamba simulacra (Snake:3)
  9 ogres
  2 phantoms
  15 centaurs
  4 kobold brigands
  13 bullfrogs
  3 necrophages
  2 gnoll sergeants (D:9)
  8 two-headed ogre simulacra (IceCv)
  A cane toad simulacrum (IceCv)
  8 scorpions
  4 wights (D:8)
  9 killer bees
  2 elephant simulacra (IceCv)
  A spectral naga (Snake:3)
  5 electric eels
  6 howler monkeys
  5 lava snakes (Lair:5)
  5 hounds
  4 jellies
  Crazy Yiuf (D:2)
  15 orc priests
  8 iguanas
  Jessica (D:2)
  22 orc wizards
  5 hell rats (Lair:5)
  3 spriggan simulacra (IceCv)
  2 polar bear simulacra (IceCv)
  4 troll simulacra (IceCv)
  2 wolf simulacra (IceCv)
  Robin (D:2)
  17 gnolls
  4 adders
  8 naga simulacra
  4 shadow imps
  13 white imps
  10 ufetubi
  A worm (D:5)
  4 dart slugs
  50 orcs
  A bat (D:1)
  12 endoplasms
  3 giant cockroaches
  12 goblins
  6 hobgoblins
  3 jackals
  11 kobolds
  3 quokkas
  3 ball pythons
  3 frilled lizards
  4 rats
987 creatures vanquished.

Vanquished Creatures (collateral kills)
  Saint Roka (Snake:3)
  Nessos (D:15)
  A hydra (D:12)
3 creatures vanquished.

Vanquished Creatures (others)
  A lindwurm (Swamp:4)
  A wizard (Gauntlet)
  A tyrant leech (Swamp:4)
  2 swamp worms
  2 swamp drakes (Swamp:4)
  2 bushes (D:11)
  12 demonic plants (Gauntlet)
  18 foxfires
  25 fungi
  39 plants
  3 withered plants
106 creatures vanquished.

Grand Total: 1096 creatures vanquished

Notes
Turn   | Place    | Note
-------+----------+-------------------------------------------
     0 | D:1      | LustLizard the Troll Fighter began the quest for the Orb.
     0 | D:1      | Reached XP level 1. HP: 22/22 MP: 0/0
   243 | D:1      | Reached XP level 2. HP: 29/29 MP: 1/1
  1326 | D:2      | Noticed Robin
  1338 | D:2      | Reached XP level 3. HP: 32/34 MP: 2/2
  1351 | D:2      | Killed Robin
  1352 | D:2      | Reached skill level 3 in Unarmed Combat
  1409 | D:2      | Found a runed translucent door.
  1410 | D:2      | Noticed Crazy Yiuf
  1494 | D:2      | Identified the +7 quarterstaff of the Pit {holy, *Rage
                  | rElec rF+ SInv}
  1496 | D:2      | Found a faded altar of an unknown god.
  1557 | D:2      | Noticed Jessica
  1564 | D:2      | Killed Jessica
  1565 | D:2      | Reached XP level 4. HP: 44/44 MP: 3/3
  2948 | D:4      | Noticed a scorpion
  2952 | D:4      | Killed a scorpion
  2953 | D:4      | Reached skill level 4 in Unarmed Combat
  2953 | D:4      | Reached XP level 5. HP: 50/53 MP: 4/4
  2965 | D:4      | Found an iron altar of Okawaru.
  3144 | D:4      | Reached XP level 6. HP: 61/61 MP: 5/5
  3369 | D:4      | Reached skill level 5 in Unarmed Combat
  3456 | D:4      | Reached XP level 7. HP: 65/68 MP: 6/6
  3462 | D:4      | Found a hide-covered altar of Uskayaw.
  3462 | D:4      | Found a bloodstained altar of Trog.
  3866 | D:2      | Killed Crazy Yiuf
  3867 | D:2      | Reached skill level 6 in Unarmed Combat
  3934 | D:5      | Entered Level 5 of the Dungeon
  4045 | D:5      | You fall into a shaft and drop 1 floor!
  4124 | D:5      | Found a blossoming altar of Fedhas.
  4420 | D:5      | Reached XP level 8. HP: 79/79 MP: 7/7
  4737 | D:5      | Reached skill level 5 in Shields
  4737 | D:5      | Reached skill level 7 in Unarmed Combat
  4744 | D:5      | Found a snail-covered altar of Cheibriados.
  4785 | D:6      | Found a radiant altar of Vehumet.
  4837 | D:6      | Found a shimmering altar of Xom.
  4837 | D:6      | Found a shadowy altar of Dithmenos.
  4837 | D:6      | Found a burning altar of Makhleb.
  5007 | D:6      | Found a staircase to the Ecumenical Temple.
  5035 | Temple   | Entered the Ecumenical Temple
  5035 | Temple   | Found a transporter.
  5035 | Temple   | Found a transporter.
  5037 | Temple   | Found a transporter.
  5037 | Temple   | Found a transporter.
  5048 | Temple   | Became a worshipper of the Wu Jian Council
  5139 | D:6      | Reached skill level 5 in Fighting
  5233 | D:6      | Reached skill level 8 in Unarmed Combat
  5505 | D:7      | Noticed a slime creature
  5505 | D:7      | Noticed a slime creature
  5512 | D:7      | Noticed a slime creature
  5528 | D:7      | Killed a slime creature
  5662 | D:7      | Killed a slime creature
  5663 | D:7      | Reached XP level 9. HP: 63/88 MP: 8/8
  5848 | D:7      | Reached skill level 9 in Unarmed Combat
  6036 | D:7      | Found a basalt altar of Yredelemnul.
  6049 | D:7      | Found a glowing golden altar of the Shining One.
  6054 | D:7      | Noticed an angel
  6060 | D:7      | Noticed a profane servitor
  6718 | D:8      | Identified 3 scrolls of acquirement
  6718 | D:8      | Acquired a +0 kite shield of positive energy
  6857 | D:8      | Reached skill level 10 in Unarmed Combat
  6908 | D:7      | Reached * piety under Wu Jian
  6909 | D:7      | Reached XP level 10. HP: 100/100 MP: 9/9
  6965 | D:8      | Noticed Grum
  6978 | D:8      | Killed Grum
  7537 | D:8      | Noticed a three-headed hydra
  7727 | D:9      | Reached skill level 11 in Unarmed Combat
  7844 | D:9      | Noticed a manticore
  7953 | D:9      | Reached ** piety under Wu Jian
  7964 | D:9      | Found a staircase to the Orcish Mines.
  7990 | D:9      | Reached skill level 5 in Dodging
  8560 | D:10     | Entered Level 10 of the Dungeon
  8702 | D:10     | Reached XP level 11. HP: 103/109 MP: 10/10
  8873 | D:10     | Found an ancient bone altar of Kikubaaqudgha.
  9326 | D:10     | Found a glowing silver altar of Zin.
 10142 | D:10     | Reached skill level 12 in Unarmed Combat
 10186 | D:10     | Noticed a salamander mystic
 10187 | D:10     | Found the +3 salamander hide armour {Flames rF++ rC--}
 10356 | D:11     | Noticed a brown ugly thing
 10479 | D:11     | Noticed a two-headed ogre
 10492 | D:10     | Killed a brown ugly thing
 10515 | D:11     | Killed a two-headed ogre
 10548 | D:11     | Found a staircase to the Lair.
 10627 | D:11     | Noticed a two-headed ogre
 10647 | D:11     | Killed a two-headed ogre
 10889 | D:11     | Noticed a two-headed ogre
 10949 | D:11     | Killed a two-headed ogre
 10949 | D:11     | Reached *** piety under Wu Jian
 11033 | D:11     | Found an iron altar of Okawaru.
 11178 | D:11     | Paralysed by a vampire for 2 turns
 11187 | D:11     | Reached skill level 13 in Unarmed Combat
 11487 | D:12     | Noticed an eight-headed hydra
 11548 | D:12     | Noticed a centaur warrior
 11549 | D:12     | Noticed Urug
 11573 | D:11     | Killed Urug
 11574 | D:11     | Reached XP level 12. HP: 67/120 MP: 11/11
 11894 | D:12     | Noticed a five-headed hydra
 11908 | D:11     | Killed a five-headed hydra
 12082 | D:12     | Killed a centaur warrior
 12186 | D:12     | Identified the +0 robe "Gucegule" {SInv Archmagi}
 12351 | D:12     | Noticed a two-headed ogre
 12358 | D:12     | Killed a two-headed ogre
 12387 | D:12     | Killed an eight-headed hydra
 12601 | D:12     | Acquired a manual of Fighting
 12670 | D:9      | Reached **** piety under Wu Jian
 12671 | D:9      | Reached skill level 14 in Unarmed Combat
 13172 | D:11     | Acquired the +1 hat of the Evil One {rN+ Int+8}
 13185 | D:11     | Acquired the +4 kite shield of Daisies {rCorr}
 13201 | Lair:1   | Entered Level 1 of the Lair of Beasts
 13304 | Lair:1   | Noticed Nergalle
 13315 | Lair:1   | Killed Nergalle
 13627 | Lair:1   | Noticed an eight-headed hydra
 13637 | Lair:1   | Killed an eight-headed hydra
 14141 | Lair:1   | Noticed Harold
 14150 | Lair:1   | Killed Harold
 14311 | Lair:2   | Found a gate leading to a gauntlet.
 14344 | Lair:2   | Reached skill level 10 in Shields
 14344 | Lair:2   | Reached XP level 13. HP: 131/131 MP: 12/12
 14369 | Lair:2   | Learned a level 6 spell: Statue Form
 14457 | Gauntlet | Entered a Gauntlet
 14457 | Gauntlet | Found a transporter.
 14466 | Gauntlet | Found a transporter.
 14481 | Gauntlet | Found a transporter.
 14488 | Gauntlet | Found a transporter.
 14507 | Gauntlet | Found a transporter.
 14522 | Gauntlet | Found a transporter.
 14534 | Gauntlet | Found a transporter.
 14546 | Gauntlet | Found a transporter.
 14558 | Gauntlet | Found a transporter.
 14570 | Gauntlet | Found a transporter.
 14587 | Gauntlet | Found a transporter.
 14607 | Gauntlet | Found a transporter.
 14627 | Gauntlet | Found a transporter.
 14649 | Gauntlet | Found a transporter.
 14724 | Gauntlet | Found a transporter.
 14726 | Gauntlet | Found a transporter.
 14751 | Gauntlet | Found a transporter.
 14753 | Gauntlet | Found a transporter.
 14929 | Gauntlet | Reached skill level 10 in Fighting
 14930 | Gauntlet | Identified the ring "Jiroz" {Wiz Stlth+}
 14958 | Gauntlet | Noticed a minotaur
 14985 | Gauntlet | Killed a minotaur
 14986 | Gauntlet | Reached skill level 15 in Unarmed Combat
 15001 | Gauntlet | Identified the +0 ring mail "Irphabbe" {rN+}
 15002 | Gauntlet | Got Feibrola's Vademecum on the Hyperbolic Caves
 15083 | Lair:2   | Reached ***** piety under Wu Jian
 15785 | Lair:3   | Found a staircase to the Swamp.
 15874 | Lair:3   | Found a staircase to the Snake Pit.
 16217 | Lair:3   | Found a runed translucent gate.
 16218 | Lair:3   | Found a runed translucent gate.
 16225 | Lair:3   | Found a runed translucent gate.
 16538 | Lair:3   | Noticed Ohopnof's ghost (journeyman MiBe)
 16539 | Lair:3   | Noticed Xetihies's ghost (journeyman HOFi)
 16587 | Lair:4   | Noticed Rupert
 16607 | Lair:3   | Reached skill level 16 in Unarmed Combat
 16672 | Lair:4   | Reached XP level 14. HP: 138/146 MP: 13/13
 16944 | Lair:4   | Paralysed by Rupert for 2 turns
 16955 | Lair:4   | Killed Rupert
 17793 | Lair:4   | Found a viscous altar of Jiyva.
 17793 | Lair:4   | Found a staircase to the Slime Pits.
 18026 | Lair:5   | Entered Level 5 of the Lair of Beasts
 18622 | Lair:5   | Noticed Snorg
 18631 | Lair:5   | Killed Snorg
 19010 | Lair:5   | Reached skill level 17 in Unarmed Combat
 19035 | Lair:5   | Reached ****** piety under Wu Jian
 19250 | Lair:5   | Found a large runed translucent door.
 19250 | Lair:5   | Found a large runed translucent door.
 19823 | D:13     | Noticed Sonja
 19856 | D:13     | Killed Sonja
 19961 | D:13     | Found a frozen archway.
 19976 | IceCv    | Entered an ice cave
 20161 | IceCv    | Identified the amulet of Abstinence {Acrobat rElec rC++}
 20677 | IceCv    | Reached XP level 15. HP: 137/158 MP: 14/14
 21122 | D:13     | Found a stormy altar of Qazlal.
 21367 | D:13     | Found a gate to the Vaults.
 21956 | D:14     | Found a bloodstained altar of Trog.
 22128 | D:15     | Entered Level 15 of the Dungeon
 22189 | D:15     | Reached skill level 18 in Unarmed Combat
 22222 | D:15     | Noticed Nessos
 22317 | D:15     | Reached skill level 1 in Earth Magic
 22458 | D:15     | Reached skill level 1 in Transmutations
 22524 | D:15     | Reached skill level 1 in Spellcasting
 23024 | D:15     | Found a staircase to the Depths.
 23270 | D:15     | Killed Nessos
 23632 | Orc:1    | Entered Level 1 of the Orcish Mines
 23865 | Orc:1    | Found a dark tunnel.
 23884 | Volcano  | Entered a volcano
 24235 | Orc:2    | Entered Level 2 of the Orcish Mines
 24646 | Orc:2    | Found Kuwk's Firing Range.
 24727 | Orc:2    | Found a staircase to the Elven Halls.
 24773 | Orc:2    | Found Telasi's Magic Scroll Emporium.
 24843 | Orc:2    | Bought a scroll of magic mapping for 105 gold pieces
 24902 | Orc:2    | Paralysed by an orc sorcerer for 2 turns
 24923 | Orc:2    | Reached XP level 16. HP: 87/170 MP: 18/18
 25098 | Orc:2    | Found Jopsyer's Armour Boutique.
 25098 | Orc:2    | Found Yjechanox's Magic Scroll Shoppe.
 25122 | Orc:2    | Found Desy's Assorted Antiques.
 25122 | Orc:2    | Found Aci Osoh's Magic Scroll Shoppe.
 25131 | Orc:2    | Bought a potion of haste for 360 gold pieces
 25132 | Orc:2    | Bought a scroll of enchant armour for 90 gold pieces
 25132 | Orc:2    | Bought a scroll of identify for 24 gold pieces
 25132 | Orc:2    | Bought a scroll of teleportation for 36 gold pieces
 25132 | Orc:2    | Bought a scroll of blinking for 90 gold pieces
 25134 | Orc:2    | Bought a scroll of magic mapping for 82 gold pieces
 25134 | Orc:2    | Bought a scroll of magic mapping for 82 gold pieces
 25134 | Orc:2    | Bought a scroll of magic mapping for 82 gold pieces
 25134 | Orc:2    | Bought a scroll of teleportation for 33 gold pieces
 25135 | Orc:2    | Bought a scroll of identify for 22 gold pieces
 25515 | Swamp:1  | Entered Level 1 of the Swamp
 25662 | Swamp:1  | Found a runed translucent door.
 25662 | Swamp:1  | Noticed middlethird's ghost (adept MeEE)
 25867 | Swamp:1  | Identified the +8 war axe "Hiunober" {holy, rCorr Dex+3}
 25972 | Swamp:1  | Identified Roxanne's Discourse on Shaping
 25972 | Swamp:1  | Noticed Roxanne
 25991 | Swamp:1  | Killed Roxanne
 26304 | Swamp:2  | Identified the +4 flail of Jonwonem {vorpal, Fly rN++
                  | Dex-3}
 27273 | Swamp:3  | Reached skill level 19 in Unarmed Combat
 27669 | Swamp:4  | Entered Level 4 of the Swamp
 27735 | Swamp:4  | Reached skill level 5 in Earth Magic
 28918 | Snake:1  | Entered Level 1 of the Snake Pit
 30193 | Snake:1  | Reached skill level 5 in Transmutations
 30550 | Snake:2  | Identified the +1 plate armour of Light {+Blink rN+}
 30791 | Snake:2  | Reached XP level 17. HP: 89/178 MP: 20/20
 31203 | Snake:3  | Found a runed translucent gate.
 31203 | Snake:3  | Found a runed translucent gate.
 31205 | Snake:3  | Found a runed translucent gate.
 31230 | Snake:3  | Noticed Saint Roka
 31793 | Snake:3  | Killed Saint Roka
 31959 | Snake:3  | Found Korowkim's Jewellery Boutique.
 32379 | Snake:3  | Found Okufyanukh's Armour Emporium.
 32416 | Snake:3  | Bought a ring of see invisible for 240 gold pieces
 32416 | Snake:3  | Bought the ring of Boref {AC+4 Slay+2 Stlth+} for 867 gold
                  | pieces
 32556 | Snake:3  | Found Cateb's Book Emporium.
 32556 | Snake:3  | Found Letab's Jewellery Boutique.
 32557 | Snake:3  | Found Cuz Miotz's Book Emporium.
 32672 | Snake:3  | Noticed Pebiupt's ghost (adept GnSu)
 32711 | Snake:3  | Killed Pebiupt's ghost
 32780 | Snake:4  | Entered Level 4 of the Snake Pit
 33093 | Snake:4  | Reached skill level 20 in Unarmed Combat
 33260 | Snake:4  | Found Ebummint's Antique Armour Boutique.
 34372 | Snake:4  | Found Towkuwano's Superior Scales.
 34701 | Snake:4  | Reached XP level 18. HP: 185/185 MP: 21/21
 34947 | Snake:4  | Got a serpentine rune of Zot
 35194 | Lair:3   | Killed Xetihies's ghost
 35200 | Lair:3   | Killed Ohopnof's ghost
 35336 | Swamp:4  | Killed from afar by a will-o-the-wisp

Illustrated notes

Levels and vault maps discovered:
D:1:      dpeg_arrival_brainrot, layout_basic, chequers_arboretum
D:2:      layout_basic, ebering_ecumenical_altar_rust, bh_walls_and_bars,
          uniq_crazy_yiuf_cottage, uniq_jessica, uniq_robin
D:3:      layout_loops_ring
D:4:      minmay_evil_eye, layout_gridville, mainiacjoe_overflow_alcove_1,
          mainiacjoe_overflow_divided_tiny, minmay_puff
D:5:      layout_loops_ring, slow_altar_2, mainiacjoe_overflow_brackets,
          uniq_edmund
D:6:      hellmonk_destroyed_diamonds, layout_rooms, grunt_temple_overflow_open,
          minmay_temple_entry_grid, minmay_holes, lightli_minifort
D:7:      layout_basic, grunt_temple_overflow_holy_war
D:8:      layout_gridville, hangedman_ranch, uniq_grum
D:9:      layout_roguey, erik_orc_3, minmay_quadrilaterals
D:10:     layout_long_grid, zin_scriptorium, kiku_gazebo_garden_becter,
          hellmonk_guarded_unrand_salamander
D:11:     layout_loops_ring, minmay_lair_entry_grove, okawaru_ov_weapons_minmay
D:12:     minmay_twisted_water, layout_cave_pools, uniq_urug
D:13:     layout_roguey, david_vaults_4, portal_ice_cave_entry_pillars_2,
          grunt_qazlal_clouds, uniq_sonja
D:14:     layout_basic, infiniplex_staircase_pillars_1,
          trog_three_pillars_becter
D:15:     hangedman_depths_entry_civil_slaughter, layout_basic,
          corexii_hall_statues_l, amcnicky_mini_corridor_feature, uniq_nessos
Temple:   hellmonk_temple_divided_pantheon
Lair:1:   layout_long_grid, uniq_harold, uniq_nergalle
Lair:2:   layout_regular_city, gauntlet_entry_generic, minivault_23
Lair:3:   layout_regular_city, skrybe_swamp_entry_bodies,
          guppyfry_snake_entry_island, gammafunk_ghost_cemetery
Lair:4:   layout_gridlike, minmay_slime_entry_pillars, uniq_rupert
Lair:5:   cheibrodos_lair_end_hotspot, layout_cellular_growth, st_stairs_6,
          chequers_serial_rivers_small_b, chequers_serial_rivers_room_a,
          eino_small_chamber_without_monster, uniq_snorg
Swamp:1:  layout_basic_swamp, gammafunk_ghost_grave,
          evilmike_swamp_ruin_house_6, swamp_pool1, uniq_roxanne
Swamp:2:  layout_basic_swamp, nicolae_swamp_decorative_isthmus
Swamp:3:  layout_basic_swamp, hangedman_swamp_pad
Swamp:4:  swamp_fiery, layout_basic_swamp, swamp_pool4,
          infiniplex_staircase_pool
Snake:1:  layout_grid_maze
Snake:2:  layout_grid_shapes, nicolae_snake_coiling_death
Snake:3:  nicolae_snake_attic_fulla_snakes, layout_onion_interference,
          serial_shops, shop, nicolae_diamond_shop, gammafunk_ghost_necromancy,
          nicolae_snake_mages_go_home, minmay_shop_grove, uniq_saint_roka
Snake:4:  grunt_snake_rune_serpentine_throne, layout_cave_town, serial_shops,
          shop, hellmonk_scale_shop
Orc:1:    layout_caves, lightli_volcano_entry_magma_tube, basic_altar
Orc:2:    grunt_orc_tribal_feast, layout_diamond_mine, serial_shops, shop,
          special_room, basic_altar, statue_in_the_mist_lemuel,
          nicolae_orc_flooded_monolith, nicolae_shop_firing_range

Skill      XL: |  1  2  3  4  5  6  7  8  9 10 11 12 13 14 15 16 17 18 |
---------------+-------------------------------------------------------+-----
Shields        | 3 4 5 6 7 9 10 11 12 13 | 13.3
Unarmed Combat | 3 4 5 6 8 10 11 13 14 16 17 18 19 20 | 20.7
Fighting       | 3 4 5 6 7 8 9 11 12 13 | 13.3
Dodging        | 3 5 6 7 8 9 |  9.9
Earth Magic    | 3 6 9 |  9.7
Transmutations | 2 5 7 8 |  8.0
Spellcasting   | 2 3 |  3.3

Action                   |  1- 3 |  4- 6 |  7- 9 | 10-12 | 13-15 | 16-18 || total
-------------------------+-------+-------+-------+-------+-------+-------++-------
Melee: Unarmed           |   112 |   139 |   302 |   655 |  1444 |  1231 ||  3883
       Falchion          |       |       |       |       |    33 |    61 ||    94
Throw: Dart              |       |       |     1 |     5 |     9 |       ||    15
 Cast: Statue Form       |       |       |       |       |       |     1 ||     1
Invok: Lunge             |       |       |    10 |    44 |    89 |    76 ||   219
       Whirlwind         |       |       |       |    97 |   240 |   240 ||   577
       Heavenly Storm    |       |       |       |       |     2 |     1 ||     3
Evoke: Wand              |       |       |       |     5 |       |       ||     5
       Phantom mirror    |       |       |       |     1 |     2 |     1 ||     4
  Use: Scroll            |       |       |     8 |    20 |    12 |    13 ||    53
       Potion            |       |       |       |     4 |     5 |    25 ||    34
 Stab: Sleeping          |     1 |       |       |       |       |       ||     1
       Invisible         |       |       |       |       |     2 |       ||     2
Armor: Robe              |    33 |    42 |    52 |       |       |       ||   127
       Steam dragon scal |       |       |     4 |    49 |       |       ||    53
       Skin              |       |       |       |    60 |       |    57 ||   117
       Troll leather arm |       |       |       |    76 |   202 |    63 ||   341
       Fire dragon scale |       |       |       |       |    22 |       ||    22
       Swamp dragon scal |       |       |       |       |       |   113 ||   113
Dodge: Dodged            |    41 |    67 |   127 |   272 |   562 |   421 ||  1490
Block: Kite shield       |    32 |    41 |    93 |   277 |   710 |   679 ||  1832
